 Dungeon Crawl Stone Soup version 0.29.1-1-gd02db6906a (webtiles) character file.

Game seed: 1469432584990526277

20314 Aibolit the Fighter (level 12, -11/172 HPs)
             Began as a Hill Orc Fighter on Oct 8, 2022.
             Was a High Priest of Okawaru.
             Mangled by an orc warrior
             ... wielding a +0 dire flail
              (21 damage)
             ... on level 1 of the Orcish Mines.
             The game lasted 00:36:18 (20389 turns).

Aibolit the Fighter (Hill Orc Fighter)             Turns: 20389, Time: 00:36:18

Health: -11/172    AC:  6    Str: 28      XL:     12   Next: 78%
Magic:  12/12      EV:  2    Int: -2 (3)  God:    Okawaru [*****.]
Gold:   973        SH: 13    Dex:  9 (10) Spells: 9/11 levels left

rFire   + . .      SeeInvis .   r - +1 demon blade (venom)
rCold   . . .      Faith    .   y - +2 buckler of Sefikka {Will++ Regen+ Str+4 Int-5}
rNeg    . . .      Spirit   .   (body armour currently unavailable)
rPois   +          Reflect  +   (helmet currently unavailable)
rElec   .          Harm     .   (cloak currently unavailable)
rCorr   .          Rampage  .   (gloves currently unavailable)
Will    ++...      NoTele   +   (boots currently unavailable)
Stlth   +.........              s - amulet of reflection
HPRegen 1.18/turn               b - ring of protection from fire
MPRegen 0.13/turn               L - ring of poison resistance

@: tree-form, corroded, slowed, lost intelligence, unable to read, very slow
A: stationary, stasis, torment immunity, boosted hp
a: Renounce Religion, Convert to Beogh, Heroism, Finesse, Duel


You were on level 1 of the Orcish Mines.
You worshipped Okawaru.
Okawaru was extremely pleased with you.
You were a tree.
You visited 3 branches of the dungeon, and saw 14 of its levels.

You collected 973 gold pieces.

Inventory:

Hand Weapons
 r - a +1 demon blade of venom (weapon)
Missiles
 k - 15 throwing nets
Armour
 j - a +0 pair of gloves (melded)
 x - a scarf of repulsion (melded)
 y - the +2 buckler of Sefikka (worn) {Will++ Regen+ Str+4 Int-5}
   (Okawaru gifted it to you on level 9 of the Dungeon)

   Str:       It affects your strength (+4).
   Int:       It affects your intelligence (-5).
   Regen:     It increases your rate of health regeneration.
   Will:      It greatly increases your willpower.
 I - an orb of guile
 J - a +0 pair of boots (melded)
 K - the +0 plate armour "Ocoony" (melded) {rF+ Will+ SInv}
   (Okawaru gifted it to you on level 9 of the Dungeon)

   rF:        It protects you from fire.
   SInv:      It lets you see invisible.
   Will:      It increases your willpower.
Jewellery
 b - a ring of protection from fire (left branch)
 d - an amulet of magic regeneration
 q - a +4 ring of evasion
 s - an amulet of reflection (around neck)
 u - a ring of flight
 v - a ring of resist corrosion
 A - an amulet of guardian spirit
 L - a ring of poison resistance (right branch)
Wands
 i - a wand of flame (8)
 H - a wand of mindburst (6)
 M - a wand of roots (2)
Scrolls
 c - a scroll of blinking
 e - 2 scrolls of fear
 h - 8 scrolls of teleportation
 p - 3 scrolls of poison
 w - a scroll of vulnerability
 z - 2 scrolls of noise
 B - a scroll of amnesia
 C - 2 scrolls of torment
 F - a scroll of enchant armour
Potions
 a - a potion of cancellation {unknown}
 f - a potion of haste {unknown}
 g - 3 potions of lignification
 l - 7 potions of ambrosia
 m - a potion of magic {unknown}
 n - 5 potions of attraction
 t - 3 potions of brilliance {unknown}
 D - a potion of degeneration {unknown}
 G - a potion of flight {unknown}


   Skills:
 + Level 13.0 Fighting
 + Level 7.8 Long Blades
 - Level 10.5 Axes
 + Level 11.9 Armour
 + Level 11.9 Shields


You had 9 spell levels left.
You knew the following spells:

 Your Spells              Type           Power      Damage    Failure   Level
a - Blink                 Tloc           0%         N/A       80%         2

Your spell library contained the following spells:

 Spells                   Type           Power      Damage    Failure   Level
 Apportation              Tloc           0%         N/A       65%         1
 Necrotise                Necr           0%         1d4       65%         1
 Dazzling Flash           Conj/Hex       0%         N/A       95%         3
 Frozen Ramparts          Ice            0%         1d1       95%         3
 Gell's Gravitas          Tloc           0%         N/A       95%         3
 Lesser Beckoning         Tloc           0%         N/A       95%         3
 Teleport Other           Tloc           0%         N/A       95%         3
 Fulminant Prism          Conj/Hex       0%         3d6       100%        4
 Ice Form                 Ice/Tmut       0%         N/A       100%        4
 Iskenderun's Mystic Bla  Conj/Tloc      0%         2d3       100%        4
 Lee's Rapid Deconstruct  Erth           0%         3d5*      100%        5
 Manifold Assault         Tloc           0%         N/A       100%        5
 Starburst                Conj/Fire      0%         6d3       100%        6
 Orb of Destruction       Conj           0%         9d5       100%        7
 Storm Form               Tmut/Air       0%         N/A       100%        7
 Summon Small Mammal      Summ           Unusable   N/A       N/A         1
 Summon Guardian Golem    Hex/Summ       Unusable   N/A       N/A         3
 Summon Ice Beast         Ice/Summ       Unusable   N/A       N/A         4
 Spellforged Servitor     Conj/Summ      Unusable   N/A       N/A         7

Dungeon Overview and Level Annotations

Branches:
Dungeon (10/15)            Temple (0/1) D:5            Lair (3/5) D:8
    Orc (1/2) D:10
  Swamp: Lair:2-3    Shoals: Lair:2-3     Snake: Lair:2-3    Spider: Lair:2-3

Altars:
Ashenzari
Cheibriados
Nemelex Xobeh
Okawaru
Ru
Sif Muna
Trog
Wu Jian
Zin


Message History

The orc hits you from afar with a +0 trident.
* * * LOW HITPOINT WARNING * * *
The orc hits you from afar with a +0 trident.
* * * LOW HITPOINT WARNING * * *
The orc hits you with a +0 flail.
* * * LOW HITPOINT WARNING * * *
You cannot move.
You are too injured to fight recklessly!
You are too injured to fight recklessly!
You slash the orc!
You kill the orc!
Okawaru accepts your kill.
The orc priest calls upon Beogh to heal the orc warrior.
The orc warrior is healed somewhat.
You block the orc's attack.
You hit the orc warrior but do no damage.
The orc warrior is poisoned.
The orc warrior is heavily wounded.
You block the orc warrior's attack. You block the orc's attack.
The orc warrior completely misses you.
The orc hits you from afar with a +0 trident.
* * * LOW HITPOINT WARNING * * *
The orc priest shouts, "Beogh is our master!
Accept the truth or die!"
You block the orc priest's attack.
You barely miss the orc warrior.
The orc warrior is heavily wounded.
The orc seems to regain its courage.
You block the orc priest's attack. You block the orc warrior's attack.
The orc hits you from afar with a +0 trident.
* * * LOW HITPOINT WARNING * * *
You hit the orc warrior but do no damage.
The orc warrior looks as sick as possible!
The orc warrior is heavily wounded.
You block the orc priest's attack. The orc warrior barely misses you.
The orc completely misses you.
You hit the orc warrior but do no damage.
The orc warrior looks as sick as possible!
The orc warrior is heavily wounded.
You block the orc priest's attack.
The orc warrior hits you with a +0 dire flail!!
You die...

### ####.# ##..#♣##
#...oo.# ....# ###..o#####
##....## #
#.#........###.......
##.##.........#.#.........
#..#...#.o................
#....####..........# #...
#....####........^# #....
#....#.##.........##.....


You could see an orc warrior (extremely poisoned), an orc priest and 2 orcs.

Vanquished Creatures
  Harold (Lair:1)
  Erolcha (Orc:1)
  3 two-headed ogres
  An orc high priest (Orc:1)
  Nergalle (Lair:2)
  Amaemon (Lair:2)
  Pikel (D:8)
  The ghost of kalagan the Magician, a novice DECj (D:7)
  A black mamba (Lair:1)
  A cane toad (Lair:1)
  Joseph (D:8)
  2 kobold demonologists
  2 komodo dragons
  A queen bee (D:9)
  A troll (D:10)
  4 blink frogs (Lair:3)
  A hornet (D:9)
  4 wyverns
  A vampire (D:10)
  16 yaks
  2 steam dragons
  An acid dragon (D:10)
  10 water moccasins
  3 black bears
  A sky beast (D:7)
  3 orc warriors
  3 ice beasts
  An ogre (Orc:1)
  15 wolves
  4 centaurs
  A phantom (D:4)
  3 lemures (D:8)
  8 bullfrogs
  2 kobold brigands (D:10)
  A necrophage (D:5)
  5 gnoll sergeants
  2 scorpions (D:8)
  3 wights (D:9)
  37 killer bees
  2 electric eels
  4 orc priests
  A jelly (D:7)
  2 gnoll boudas
  8 hounds
  2 iguanas
  Natasha (thrice) (D:2)
  13 orc wizards
  13 adders
  37 gnolls
  3 river rats (D:5)
  3 shadow imps
  A white imp (D:7)
  An ufetubus (D:5)
  7 worms
  2 dart slugs
  41 orcs
  7 ball pythons
  7 endoplasms
  3 giant cockroaches
  5 goblins
  11 hobgoblins
  5 jackals (D:10)
  7 kobolds
  4 quokkas
  3 bats
  13 frilled lizards
  9 rats
367 creatures vanquished.

Vanquished Creatures (others)
  9 fungi
  34 plants
43 creatures vanquished.

Grand Total: 410 creatures vanquished

Notes
Turn   | Place    | Note
-------+----------+-------------------------------------------
     0 | D:1      | Aibolit the Hill Orc Fighter began the quest for the Orb.
     0 | D:1      | Reached XP level 1. HP: 19/19 MP: 1/1
   245 | D:1      | Reached XP level 2. HP: 27/27 MP: 2/2
   793 | D:1      | Found a faded altar of an unknown god.
   864 | D:1      | Reached skill level 4 in Fighting
  1143 | D:2      | Reached XP level 3. HP: 25/33 MP: 3/3
  1475 | D:2      | Noticed Natasha
  1480 | D:2      | Killed Natasha
  1481 | D:2      | Reached XP level 4. HP: 40/41 MP: 4/4
  1579 | D:2      | Noticed Natasha
  1590 | D:2      | Killed Natasha
  2178 | D:2      | Noticed Natasha
  2188 | D:2      | Killed Natasha
  2189 | D:2      | Reached XP level 5. HP: 13/47 MP: 5/5
  2843 | D:3      | Identified the +0 ring mail of Toreposa {Fly rPois}
  3300 | D:3      | Noticed an ice beast
  3310 | D:3      | Reached skill level 5 in Fighting
  3318 | D:3      | HP: 1/48 [ice beast (7)]
  3323 | D:3      | Killed an ice beast
  3324 | D:3      | Reached XP level 6. HP: 2/56 MP: 6/6
  3900 | D:3      | Found a snail-covered altar of Cheibriados.
  3956 | D:3      | Reached skill level 5 in Axes
  4030 | D:3      | Found a sacrificial altar of Ru.
  4461 | D:4      | Found an iron altar of Okawaru.
  4562 | D:4      | Became a worshipper of Warmaster Okawaru
  5296 | D:4      | Reached skill level 5 in Shields
  5306 | D:4      | Reached skill level 5 in Armour
  5315 | D:4      | Reached XP level 7. HP: 15/61 MP: 7/7
  5792 | D:5      | Entered Level 5 of the Dungeon
  5989 | D:5      | Reached skill level 6 in Fighting
  6027 | D:5      | Reached * piety under Okawaru
  6060 | D:5      | Found an ornate altar of the Wu Jian Council.
  6156 | D:5      | Found a staircase to the Ecumenical Temple.
  6160 | D:5      | Reached XP level 8. HP: 66/71 MP: 8/8
  7509 | D:6      | Reached skill level 7 in Fighting
  8043 | D:6      | Reached ** piety under Okawaru
  8860 | D:7      | Found a broken altar of Ashenzari.
  8864 | D:7      | Saw a vision of the Swamp and the Spider Nest.
  8864 | D:7      | Noticed a tarantella
  8864 | D:7      | Noticed a boulder beetle
  8864 | D:7      | Noticed an entropy weaver
  8864 | D:7      | Noticed a spriggan rider
  8864 | D:7      | Noticed a tyrant leech
  8864 | D:7      | Noticed a bog body
  8865 | D:7      | Noticed a demonic crawler
  8865 | D:7      | Noticed an entropy weaver
  8865 | D:7      | Noticed a demonic crawler
  8866 | D:7      | Noticed a tarantella
  8866 | D:7      | Noticed a wolf spider
  8866 | D:7      | Noticed a boulder beetle
  8866 | D:7      | Noticed a tarantella
  8866 | D:7      | Noticed an eight-headed hydra
  8869 | D:7      | Noticed a tarantella
  8954 | D:7      | Reached XP level 9. HP: 71/79 MP: 9/9
  9529 | D:7      | Reached skill level 8 in Fighting
  9604 | D:7      | Found a runed translucent door.
  9612 | D:7      | Noticed kalagan's ghost (novice DECj)
  9883 | D:7      | Identified a scroll of acquirement
  9883 | D:7      | Acquired the +5 buckler "Yseici Asas" {rF+}
  9914 | D:7      | Killed kalagan's ghost
  9914 | D:7      | Reached *** piety under Okawaru
 10816 | D:8      | Reached **** piety under Okawaru
 10830 | D:8      | Reached skill level 9 in Fighting
 10835 | D:8      | Reached XP level 10. HP: 66/91 MP: 10/10
 11150 | D:8      | Noticed Pikel
 11187 | D:8      | Killed Pikel
 11188 | D:8      | Reached skill level 10 in Axes
 11356 | D:8      | Found a staircase to the Lair.
 11366 | D:8      | Reached ***** piety under Okawaru
 11410 | D:8      | Noticed Joseph
 11424 | D:8      | Received a gift from Okawaru
 11458 | D:8      | Noticed a two-headed ogre
 11668 | D:8      | Reached skill level 10 in Fighting
 11698 | D:8      | Killed a two-headed ogre
 11699 | D:8      | Reached skill level 1 in Long Blades
 12013 | D:8      | Killed Joseph
 12468 | D:8      | Reached XP level 11. HP: 49/101 MP: 11/11
 12902 | D:8      | Found a sparkling altar of Nemelex Xobeh.
 12902 | D:8      | Found a bloodstained altar of Trog.
 13684 | D:9      | Noticed a two-headed ogre
 13708 | D:9      | Killed a two-headed ogre
 13708 | D:9      | Received a gift from Okawaru
 14123 | D:9      | Reached skill level 10 in Armour
 14123 | D:9      | Reached skill level 10 in Shields
 14499 | D:9      | Reached skill level 11 in Fighting
 14851 | D:9      | Identified the +2 buckler of Sefikka {Will++ Regen+ Str+4
                  | Int-5} (Okawaru gifted it to you on level 9 of the Dungeon)
 14851 | D:9      | Received a gift from Okawaru
 14994 | Lair:1   | Entered Level 1 of the Lair of Beasts
 15585 | Lair:1   | Reached skill level 5 in Long Blades
 15877 | Lair:1   | Noticed Harold
 15908 | Lair:1   | Killed Harold
 16685 | Lair:2   | Learned a level 2 spell: Blink
 16693 | Lair:2   | Noticed Nergalle
 16732 | Lair:2   | Killed Nergalle
 16733 | Lair:2   | Reached XP level 12. HP: 60/110 MP: 12/12
 16979 | Lair:2   | Reached skill level 12 in Fighting
 17841 | Lair:3   | Noticed Amaemon
 17871 | Lair:2   | Killed Amaemon
 18421 | D:9      | Found a glowing silver altar of Zin.
 18577 | D:9      | Identified the +0 plate armour "Ocoony" {rF+ Will+ SInv}
                  | (Okawaru gifted it to you on level 9 of the Dungeon)
 18577 | D:9      | Received a gift from Okawaru
 18879 | D:10     | Entered Level 10 of the Dungeon
 18954 | D:10     | Noticed a two-headed ogre
 18967 | D:10     | Killed a two-headed ogre
 18984 | D:10     | Found a flagged portal.
 19105 | D:10     | Found a shimmering blue altar of Sif Muna.
 19642 | D:10     | Found a staircase to the Orcish Mines.
 20236 | Orc:1    | Entered Level 1 of the Orcish Mines
 20298 | Orc:1    | Noticed Erolcha
 20306 | Orc:1    | Noticed an orc high priest
 20317 | Orc:1    | Killed Erolcha
 20320 | Orc:1    | Noticed a sun demon
 20379 | Orc:1    | Lost intelligence.
 20381 | Orc:1    | Killed an orc high priest
 20382 | Orc:1    | Reached skill level 13 in Fighting
 20384 | Orc:1    | HP: 7/172 [orc/+0 flail[an orc high priest] (5)]
 20389 | Orc:1    | Mangled by an orc warrior

Illustrated notes

Levels and vault maps discovered:
D:1:      dpeg_arrival_fog, layout_basic,
          shapermc_ecumenical_altar_mp_urbaneastern, minmay_tetromino_o4
D:2:      layout_basic, minmay_circled_x, uniq_natasha
D:3:      minmay_angry_zag, layout_basic, kennysheep_slug_shrine,
          nicolae_ru_sacrificial_ziggurat
D:4:      layout_basic, amcnicky_altar_gilded
D:5:      layout_loops_ring, mainiacjoe_overflow_catwalk,
          minmay_temple_entry_proselytizer, lightli_sewer_entry_pipes,
          corner_web_ring, fountainhead
D:6:      layout_loops_corners, serial_park_tiny_1, minmay_lizard_king
D:7:      layout_basic, grunt_ashenzari_visionary
          [grunt_ashenzari_visionary_swamp, grunt_ashenzari_visionary_spider],
          ebering_ghost_reflecting_pool, minmay_chambers_of_fives
D:8:      layout_rooms, gammafunk_temple_overflow_elements,
          minmay_lair_entry_grove, minmay_misc_feat_encased, uniq_pikel,
          uniq_joseph
D:9:      layout_basic, zin_scriptorium, minivault_7
D:10:     layout_cross, nicolae_sif_muna_condensation, hiddenorc1_lemuel,
          serial_gnoll_camp, gnoll_camp_huts_moat, gnoll_camp_mini_basic,
          gnoll_camp_mini_sergeant, gnoll_camp_mini_hut, gnoll_camp_mini_hut,
          gnoll_camp_mini_loothouse, enter_bailey_2
Lair:1:   layout_regular_city, grunt_forest_stairs_basic, serial_bayou_ford_a,
          chequers_serial_rivers_micro_e, uniq_harold
Lair:2:   layout_regular_city, uniq_nergalle
Lair:3:   layout_misc_corridors, palyth_hydra_swamp_entry,
          nicolae_spider_entry_non_spiders, uniq_snorg, uniq_amaemon, uniq_urug,
          uniq_josephine
Orc:1:    layout_diamond_mine, basic_altar, uniq_erolcha

Skill      XL: |  1  2  3  4  5  6  7  8  9 10 11 12 |
---------------+-------------------------------------+-----
Axes           | 3 4 5 6 7 9 10 | 10.5
Fighting       | 4 5 6 7 9 10 11 13 | 13.0
Armour         | 4 5 6 8 9 10 11 | 11.9
Shields        | 4 5 6 8 9 10 11 | 11.9
Long Blades    | 2 5 7 |  7.8

Action                   |  1- 3 |  4- 6 |  7- 9 | 10-12 || total
-------------------------+-------+-------+-------+-------++-------
Melee: War axe           |    82 |   161 |   413 |   161 ||   817
       Demon blade       |       |       |       |   904 ||   904
Evoke: Wand              |       |     7 |     8 |     6 ||    21
  Use: Scroll            |       |     3 |     9 |     8 ||    20
       Potion            |       |     2 |       |     7 ||     9
Armor: Scale mail        |    39 |    18 |       |       ||    57
       Ring mail         |       |    17 |       |       ||    17
       Plate armour      |       |    62 |   206 |   486 ||   754
Dodge: Dodged            |    29 |    61 |   108 |   346 ||   544
       Repelled          |       |       |     1 |     3 ||     4
Block: Buckler           |    23 |    33 |   232 |   925 ||  1213
       Reflection        |       |       |     3 |    21 ||    24
